[ PARTIDA AOE2 · #493710836 ]
UnrankedBorgoñones vs Poles
Equipo del jugador · VICT
Equipo rival · DERR
[ ANÁLISIS DE REPETICIÓN · EXTRAÍDO DE LA PARTIDA GRABADA ]
Feudal
9:16
Castillos
—
Imperial
—
| APM promedio | 94.6 |
| APM pico | 133 |
| eAPM promedio | 43.6 |
| Aldeanos / militares | 49 / 15 |
Foco
⚔️ 51.8% · 🌾 48.2%
Skirmisher ×8 · Flemish Militia ×7
Feudal
9:57
Castillos
—
Imperial
—
| APM promedio | 38.2 |
| APM pico | 60 |
| eAPM promedio | 15.9 |
| Aldeanos / militares | 42 / 10 |
Foco
⚔️ 30.0% · 🌾 70.0%
Skirmisher ×5 · Archer ×4 · Spearman ×1
Mapa de la partida
Recursos iniciales + cada clic de construcción. Líneas = muros · curvas = relieve. ◆ oro · ⬟ piedra · ● bayas · ✦ reliquia · ◌ hueco del cierre
Tu base· Abierta — flanco sin cerrar
Base de Barón de la Cerveza· Abierta — hueco de 7t
Terreno inicial suavizado · ◌ = hueco del cierre detectado · pasá el cursor para detalles
Inputs por minuto
— VIT | Hera - - Barón de la Cerveza
Build order — VIT | Hera
110 acciones detectadas en el replay
| 0:01 | Crear | Villager (Male) |
| 0:01 | Crear | Villager (Male) |
| 0:02 | Construir | House |
| 0:03 | Construir | House |
| 0:09 | Crear | Villager (Male) |
| 0:10 | Crear | Villager (Male) |
| 0:11 | Crear | Villager (Male) |
| 1:25 | Crear | Villager (Male) |
| 1:25 | Crear | Villager (Male) |
| 2:02 | Crear | Villager (Male) |
| 2:02 | Crear | Villager (Male) |
| 2:02 | Crear | Villager (Male) |
| 2:04 | Crear | Villager (Male) |
| 2:04 | Crear | Villager (Male) |
| 2:20 | Construir | Lumber Camp |
| 2:51 | Crear | Villager (Male) |
| 2:51 | Crear | Villager (Male) |
| 3:12 | Investigar | Double-Bit Axe |
| 3:12 | Investigar | Double-Bit Axe |
| 3:13 | Crear | Villager (Male) |
| 3:13 | Crear | Villager (Male) |
| 3:39 | Crear | Villager (Male) |
| 3:39 | Crear | Villager (Male) |
| 3:51 | Construir | House |
| 4:04 | Crear | Villager (Male) |
| 4:05 | Crear | Villager (Male) |
| 4:26 | Crear | Villager (Male) |
| 4:27 | Crear | Villager (Male) |
| 4:28 | Crear | Villager (Male) |
| 4:28 | Crear | Villager (Male) |
| 4:51 | Construir | Mill |
| 5:21 | Crear | Villager (Male) |
| 5:21 | Crear | Villager (Male) |
| 5:22 | Crear | Villager (Male) |
| 5:44 | Crear | Villager (Male) |
| 5:44 | Crear | Villager (Male) |
| 5:51 | Crear | Villager (Male) |
| 5:57 | Crear | Villager (Male) |
| 6:40 | Investigar | Loom |
| 6:53 | Construir | House |
| 7:00 | Investigar | Feudal Age |
| 7:01 | Investigar | Feudal Age |
| 7:23 | Construir | Barracks |
| 7:50 | Construir | Lumber Camp |
| 8:36 | Construir | Mining Camp |
| 8:52 | Construir | House |
| 9:12 | Crear | Villager (Male) |
| 9:16 | Edad | Edad Feudal |
| 9:19 | Investigar | Bow Saw |
| 9:20 | Crear | Flemish Militia |
| 9:20 | Crear | Flemish Militia |
| 9:35 | Crear | Villager (Male) |
| 9:38 | Crear | Flemish Militia |
| 9:55 | Construir | Archery Range |
| 9:59 | Crear | Villager (Male) |
| 10:15 | Construir | Mill |
| 10:19 | Crear | Villager (Male) |
| 10:23 | Investigar | Horse Collar |
| 10:28 | Crear | Villager (Male) |
| 10:29 | Crear | Villager (Male) |
| 10:31 | Construir | House |
| 10:41 | Construir | Farm |
| 11:02 | Construir | Farm |
| 11:06 | Crear | Skirmisher |
| 11:15 | Construir | Farm |
| 11:15 | Crear | Villager (Male) |
| 11:25 | Construir | Farm |
| 11:36 | Crear | Villager (Male) |
| 11:51 | Crear | Skirmisher |
| 11:52 | Construir | Farm |
| 12:10 | Crear | Villager (Male) |
| 12:12 | Crear | Skirmisher |
| 12:16 | Construir | Farm |
| 12:18 | Construir | House |
| 12:19 | Construir | House |
| 12:33 | Construir | House |
| 12:33 | Construir | House |
| 12:37 | Crear | Skirmisher |
| 12:38 | Crear | Villager (Male) |
| 12:38 | Crear | Villager (Male) |
| 12:39 | Crear | Villager (Male) |
| 12:39 | Construir | Farm |
| 12:51 | Crear | Skirmisher |
| 12:51 | Crear | Skirmisher |
| 12:53 | Construir | Palisade Wall |
| 12:54 | Construir | House |
| 13:05 | Crear | Villager (Male) |
| 13:09 | Construir | Farm |
| 13:23 | Crear | Villager (Male) |
| 13:41 | Construir | Farm |
| 13:42 | Crear | Villager (Male) |
| 13:43 | Crear | Skirmisher |
| 13:53 | Construir | Blacksmith |
| 13:55 | Crear | Skirmisher |
| 13:56 | Crear | Flemish Militia |
| 13:57 | Crear | Flemish Militia |
| 14:21 | Crear | Flemish Militia |
| 14:25 | Crear | Villager (Male) |
| 14:29 | Crear | Villager (Male) |
| 14:42 | Construir | Farm |
| 14:43 | Construir | Farm |
| 14:44 | Construir | Farm |
| 14:49 | Investigar | Fletching |
| 14:49 | Investigar | Fletching |
| 14:53 | Construir | House |
| 14:54 | Construir | Palisade Wall |
| 15:00 | Construir | Farm |
| 15:03 | Construir | Farm |
| 15:17 | Crear | Flemish Militia |
| 15:23 | Crear | Villager (Male) |
Build order — Barón de la Cerveza
82 acciones detectadas en el replay
| 0:00 | Crear | Villager (Male) ×4 |
| 0:02 | Construir | House |
| 0:03 | Construir | House |
| 1:27 | Crear | Villager (Male) |
| 1:54 | Construir | Mill |
| 1:59 | Crear | Villager (Male) |
| 2:18 | Crear | Villager (Male) |
| 2:18 | Crear | Villager (Male) |
| 2:57 | Crear | Villager (Male) |
| 3:20 | Crear | Villager (Male) |
| 3:29 | Construir | Lumber Camp |
| 3:47 | Crear | Villager (Male) |
| 4:15 | Investigar | Loom |
| 4:19 | Crear | Villager (Male) |
| 4:19 | Crear | Villager (Male) |
| 4:58 | Crear | Villager (Male) |
| 4:58 | Crear | Villager (Male) |
| 5:09 | Crear | Villager (Male) |
| 5:33 | Crear | Villager (Male) |
| 5:53 | Crear | Villager (Male) |
| 5:53 | Crear | Villager (Male) |
| 6:05 | Crear | Villager (Male) |
| 6:37 | Crear | Villager (Male) |
| 6:38 | Crear | Villager (Male) |
| 6:38 | Crear | Villager (Male) |
| 6:48 | Crear | Villager (Male) |
| 7:11 | Crear | Villager (Male) |
| 7:15 | Construir | House |
| 7:47 | Investigar | Feudal Age |
| 8:05 | Construir | Barracks |
| 8:12 | Construir | Mill |
| 8:50 | Construir | House |
| 9:02 | Construir | Palisade Wall |
| 9:07 | Construir | Palisade Wall |
| 9:10 | Construir | Palisade Wall |
| 9:18 | Construir | House |
| 9:28 | Construir | Palisade Wall |
| 9:47 | Crear | Villager (Male) |
| 9:57 | Edad | Edad Feudal |
| 10:04 | Crear | Villager (Male) |
| 10:15 | Construir | Archery Range |
| 10:26 | Crear | Villager (Male) |
| 10:30 | Construir | House |
| 10:34 | Crear | Spearman |
| 10:45 | Construir | Palisade Gate |
| 10:50 | Construir | House |
| 10:53 | Crear | Villager (Male) |
| 11:00 | Construir | Palisade Gate |
| 11:03 | Crear | Villager (Male) |
| 11:04 | Crear | Villager (Male) |
| 11:17 | Crear | Skirmisher |
| 11:17 | Crear | Skirmisher |
| 11:18 | Crear | Archer |
| 11:38 | Crear | Villager (Male) |
| 11:54 | Crear | Villager (Male) |
| 11:56 | Crear | Skirmisher |
| 12:16 | Construir | Mining Camp |
| 12:19 | Construir | Mining Camp |
| 12:27 | Investigar | Horse Collar |
| 12:27 | Investigar | Horse Collar |
| 12:41 | Crear | Villager (Male) |
| 12:59 | Crear | Villager (Male) |
| 13:14 | Crear | Villager (Male) |
| 13:14 | Crear | Villager (Male) |
| 13:23 | Crear | Villager (Male) |
| 13:35 | Crear | Villager (Male) |
| 13:36 | Crear | Villager (Male) |
| 13:40 | Construir | Farm |
| 13:40 | Construir | Farm |
| 13:40 | Construir | Farm |
| 13:41 | Construir | Farm |
| 13:41 | Construir | Farm |
| 13:48 | Crear | Archer |
| 13:49 | Crear | Archer |
| 14:11 | Crear | Villager (Male) |
| 14:11 | Crear | Villager (Male) |
| 14:30 | Construir | Farm |
| 14:37 | Construir | Blacksmith |
| 14:40 | Crear | Archer |
| 14:49 | Construir | Farm |
| 15:27 | Crear | Skirmisher |
| 15:27 | Crear | Skirmisher |
Cronología de la partida
| 7:23 | VIT | Hera · first_building Barracks |
| 8:05 | Barón de la Cerveza · first_building Barracks |
| 9:02 | Barón de la Cerveza · wall_segment Palisade Wall x5 |
| 9:07 | Barón de la Cerveza · wall_segment Palisade Wall x9 |
| 9:10 | Barón de la Cerveza · wall_segment Palisade Wall x2 |
| 9:16 | VIT | Hera · age_up feudal |
| 9:28 | Barón de la Cerveza · wall_segment Palisade Wall x6 |
| 9:55 | VIT | Hera · first_building Archery Range |
| 9:57 | Barón de la Cerveza · age_up feudal |
| 10:15 | Barón de la Cerveza · first_building Archery Range |
| 12:53 | VIT | Hera · wall_segment Palisade Wall x1 |
| 14:54 | VIT | Hera · wall_segment Palisade Wall x1 |
| 15:30 | Barón de la Cerveza · resign |
[ ANÁLISIS IA · 1 CRÉDITO ]
¿Qué pasó realmente en esta partida?
Wolo.gg analiza cada decisión: build order, eco, micro, errores típicos por bracket. Análisis personalizado por WhatsApp o Discord en 30 segundos.
Guía civ
Borgoñones
Perfil
Hera